Bacon, chaotic male elven Wizard ----- --- |..<| |. |...| |.--------- --|-- |.|?..|...| # |.|.)+|...| + # ..|?.(|...| ..| @ # |.|...|... +-- ....----+---|--- | ## #### |.--(---|--.....................| -|---- ### |....@.f%f@Y..{......{..........| |....| #### |.--|--|---....---+-- .| |.....###)## # |.|..)|.. --- | | |.>..| ##..|..(|...| |....+ ## |.|.(.|...| ------ |.|(((|...| |.--------- |. --- Bacon the Thaumaturge Experience level: 7 Strength: 12 Dexterity: 15 Constitution: 13 Intelligence: 17 Wisdom: 11 Charisma: 12 Health: 0(38) Energy: 39(62) Def: 1 Gold: 976 Moves: 4580 Dungeon seed: Ka6ofzzEjh414XDZ Game ID: Bacon_1512429431 Your Inventory: Coins $ - 976 gold pieces Weapons a - a blessed +1 quarterstaff (weapon in hands) A - 6 uncursed +0 crossbow bolts T - 3 uncursed +0 daggers Armor e - an uncursed +0 cloak of magic resistance (being worn) Comestibles l - 2 uncursed food rations Scrolls q - an uncursed scroll of gold detection v - an uncursed scroll of enchant weapon F - a cursed scroll of blank paper J - 2 uncursed scrolls of teleportation U - an uncursed scroll of scare monster Spellbooks f - a blessed spellbook of slow monster Potions d - an uncursed potion of extra healing m - an uncursed potion of wonder p - 2 uncursed potions of levitation w - an uncursed potion of water L - an uncursed potion of blindness O - an uncursed potion of hallucination P - a cursed potion of polymorph Q - a blessed potion of sleeping S - 2 uncursed potions of healing Rings g - a cursed -2 ring of searching Wands b - an uncursed wand of striking (0:6) H - an uncursed wand of secret door detection (0:12) I - an uncursed wand of speed monster (0:4) Tools h - an uncursed blindfold o - an uncursed credit card x - an uncursed stethoscope V - an uncursed blindfold W - an uncursed mirror Gems c - an uncursed worthless piece of yellow glass k - an uncursed worthless piece of yellowish brown glass r - an uncursed fluorite stone z - an uncursed amethyst stone N - an uncursed worthless piece of green glass Y - an uncursed worthless piece of violet glass Z - an uncursed worthless piece of black glass Spells and supernatural/magical abilities: Spells marked with '*' are forgotten. Spells marked with '!' are maintained. Spells marked with '#' are aliased with 'castalias'. Name Level Category Fail Memory a - force bolt 1 attack 0% 93% m - magic missile 2 attack 0% 97% O - create monster 2 clerical 14% 97% W - pray for help -- divine ? -- Your skills at the end: Fighting Skills wands [Basic] Weapon Skills quarterstaff [Basic] Spellcasting Skills attack spells [Skilled] enchantment spells [Basic] Final Attributes: You were cold resistant. You were sleep resistant. You were magic resistant. You saw invisible. You had infravision. You were held by an owlbear. You last prayed 3992 turns ago. You are dead. Vanquished creatures: a small mimic a watchman a black light a gnome king 2 orc mummies a dwarf lord a blue jelly a plains centaur a soldier ant a mountain nymph 12 Mordor orcs 2 orc shamans a yellow light a violet fungus 8 gnome lords a gnomish wizard a golden naga hatchling 2 gray oozes an elf zombie 3 floating eyes 7 dwarves a kobold lord a kobold shaman a rothe a giant bat 2 monkeys an orc zombie 2 dwarf zombies 5 iguanas an acid blob 4 hobbits 6 manes 8 giant rats 3 cave spiders a brown mold 2 yellow molds 2 green molds 2 red molds 24 gnomes 3 geckos 7 jackals 6 foxes 2 kobolds 2 goblins 5 sewer rats 2 grid bugs a bat 12 lichens a newt 158 creatures vanquished. Voluntary challenges: You used a wielded weapon 56 times, starting on turn 4. You read items or engraved 16 times, starting on turn 1. You never genocided any monsters. You never polymorphed an object. You never changed form. You used no wishes. You never split a pudding. You wrote Elbereth's name 3 times, starting on turn 767. You violated your moral code, losing 16 points of alignment, starting on turn 4572. Dungeon overview: The Dungeons of Doom: levels 1 to 6 Level 1 some fountains a long staircase Level 2 a general store Level 3 a fountain stairs to The Gnomish Mines Level 4 a fountain Level 5 Level 6 many fountains The Gnomish Mines: levels 4 to 7 Level 4 stairs to The Dungeons of Doom Level 5 Level 6 Level 7 <- You were here some shops, some fountains History has recorded: On T:1 you entered the Dungeons of Doom to retrieve the Amulet of Yendor! On T:366 you advanced to experience level 2. On T:445 you reached level 2 of The Dungeons of Doom. On T:766 you advanced to experience level 3. On T:1007 you advanced to experience level 4. On T:1035 you reached level 3 of The Dungeons of Doom. On T:1469 you reached level 4 of The Dungeons of Doom. On T:1837 you advanced to experience level 5. On T:1999 you reached level 5 of The Dungeons of Doom. On T:2310 you advanced to experience level 6. On T:2399 you reached level 6 of The Dungeons of Doom. On T:3019 you reached level 1 of The Gnomish Mines. On T:3599 you advanced to experience level 7. On T:3703 you reached level 2 of The Gnomish Mines. On T:3810 you reached level 3 of The Gnomish Mines. On T:4429 you reached level 4 of The Gnomish Mines. Score breakdown: Gold: 976 (10170 points) Experience: 7 levels (13645 points) Exploration: 7 levels ( 14.89%) (10834 points) Discoveries: 24 items ( 8.39%) ( 8690 points) Valuables value: (no points given unless you survive) Artifact value: 0 ( 0 points) Variety of kills: 49 monsters ( 12.89%) (10772 points) Turncount: 4580 turns (-1224 points) Survival: died (score multiplied by 80%) Total score: 42309 Latest messages: The force bolt hits the monkey! The monkey is killed! There are a few objects here. It displaces the watchman. There are several objects here. The owlbear hits! (2x) The owlbear grabs you! Darrow picks up a mirror. The force bolt misses the owlbear. The owlbear hits! (2x) You are being crushed. The magic missile hits the owlbear! The owlbear hits! (2x) You are being crushed. You miss the owlbear. The owlbear hits! You die... Final status: Goodbye Bacon the Wizard, killed by an owlbear... You died in The Gnomish Mines on dungeon level 7 with 42309 points, and 976 pieces of gold, after 4580 moves. You were level 7 with a maximum of 38 hit points when you died.